 Dungeon Sprint DCSS version 0.30.0-13-g156ef70053 (webtiles) character file.

Game seed: 7005032511952996205

8600000 Monkooky the Conqueror (level 27, -1/250 (292) HPs)
             Began as an Armataur Warper on May 17, 2023.
             Was the Champion of Makhleb.
             Killed from afar by a wretched soul (107 damage)
             ... with a bolt of negative energy
             ... in the Dungeon (Sprint VIII: "Arena of Blood").
             The game lasted 00:04:48 (86 turns).

Monkooky the Conqueror (Armataur Warper)              Turns: 86, Time: 00:04:48

HP:   -1/250 (292)  AC:  8    Str: 18    XL:     27
MP:   33/54         EV: 29    Int: 15    God:    Makhleb [******]
Gold: 0             SH:  0    Dex: 21    Spells: 80/80 levels left

rFire   . . .        j - +∞ Axe of Woe
rCold   . . .        (shield currently unavailable)
rNeg    . . .        b - +0 leather armour
rPois   .            (no helmet)
rElec   .            (no cloak)
rCorr   .            (no gloves)
SInv    +            (no barding)
Will    ++...        (no amulet)
Stlth   ++++++++++   f - ring of see invisible
HPRegen 0.61/turn    (no ring)
MPRegen 0.34/turn

%: no teleportation, roll
@: heavily drained
A: large, rugged brown scales 3, deformed body, armoured tail, roll, long
tongue, awkward tongue
a: Renounce Religion, Minor Destruction, Lesser Servant of Makhleb, Major
Destruction, Greater Servant of Makhleb


You were in the Dungeon.
You worshipped Makhleb.
Makhleb was exalted by your worship.
You visited 1 branch

Inventory:

Hand Weapons
 a - a +0 hand axe
 j - the +∞ Axe of Woe (weapon)
   (You found it in the Dungeon)
Missiles
 d - 7 boomerangs of dispersal (quivered)
Armour
 b - a +0 leather armour (worn)
Jewellery
 f - a ring of see invisible (left hand)
Scrolls
 c - a scroll of blinking
Potions
 e - a potion of curing
 g - a potion of haste
 h - 2 potions of magic
 i - a potion of berserk rage


   Skills:
 O Level 27 Fighting
 + Level 24.0(27) Short Blades
 + Level 24.1(27) Long Blades
 O Level 27 Axes
 O Level 27 Maces & Flails
 O Level 27 Polearms
 O Level 27 Staves
 + Level 20.6 Ranged Weapons
 O Level 27 Throwing
 O Level 27 Armour
 O Level 27 Dodging
 O Level 27 Stealth
 O Level 27 Shields
 O Level 27 Unarmed Combat
 O Level 27 Spellcasting
 + Level 24.1 Conjurations
 + Level 24.1 Hexes
 + Level 22.3 Summonings
 + Level 22.3 Necromancy
 O Level 27 Translocations
 + Level 24.0 Transmutations
 + Level 24.0 Fire Magic
 + Level 24.0 Ice Magic
 + Level 23.9 Air Magic
 + Level 24.0 Earth Magic
 + Level 24.0 Poison Magic
 O Level 27 Invocations
 + Level 25.8 Evocations


You had 80 spell levels left.
You didn't know any spells.
Your spell library contained the following spells:

 Spells                   Type           Power      Damage    Failure   Level
 Blink                    Tloc           100%       N/A       0%          2
 Lesser Beckoning         Tloc           100%       N/A       0%          2
 Teleport Other           Tloc           79%        N/A       0%          3
 Vhi's Electric Charge    Tloc/Air       100%       N/A       0%          3
 Manifold Assault         Tloc           79%        N/A       0%          4


Dungeon Overview and Level Annotations

Branches:
Dungeon (1/1)

Altars:
Makhleb


Innate Abilities, Weirdness & Mutations

You are completely covered in rugged brown scales. (AC +3, +7% HP)
Armour fits poorly on your strangely shaped body.
You have a long armoured tail.
You roll when moving toward enemies. (Rampage)
Your long tongue fully drains potion bottles. (2x potion effects)
Your tongue gives you trouble enunciating. (1.5x scroll delay)


Message History

Makhleb accepts your kill.
You feel better.
You hear a shout! x3
Your base Long Blades skill increases to level 24!
Your Conjurations skill increases to level 24!
Your Hexes skill increases to level 24!
You chop the bag of meat into pieces!!!
You slaughter the bag of meat joyfully.
You kill the bag of meat!
Makhleb accepts your kill.
You hear a shout! x7
Your base Short Blades skill increases to level 24!
Your Transmutations skill increases to level 24!
Your Fire Magic skill increases to level 24!
Your Ice Magic skill increases to level 24!
Your Earth Magic skill increases to level 24!
Your Poison Magic skill increases to level 24!
You hear a shout! x4
A meat berserker comes into view. It is wielding a +9 battleaxe.
You hear a shout!
Items here: )) === †.
f - a ring of see invisible (left hand)
A wretched soul comes into view.
You hear a shout! x3
A meat beast comes into view.
You hear a shout!
The meat berserker rages.
You hear a shout! x2
Unknown command.
The meat beast shouts!
You slash the large abomination!
You dissect the large abomination like a pig carcass.
You destroy the large abomination!
The large abomination disappears in a puff of smoke!
You hear a shout! x3
The wretched soul breathes negative energy at you.
The bolt of negative energy hits the meat beast.
The meat beast completely resists.
The bolt of negative energy hits you!!!!
You feel drained.
You die...

################
###.....LX@.....O.
####@ ........2.......
###....
...2.##.##.##### ......
..XX.........
.....)####.....##.##...
.....#.§DW....W....
....
...))2#)D).......#. ...
...)LX#..)......... ..
.###)))#§).))......


You could see a tentacled monstrosity (summoned), 2 meat beasts, a tyrant
(fast), 2 large abominations, a meat berserker (berserk) and a wretched soul
(invisible).

Vanquished Creatures
  Sigmund (D)
  4 hell beasts (D)
  A royal mummy (D)
  A wraith (D)
  9 vampire knights (D)
  25 ogres (D)
  7 two-headed ogres (D)
  4 liches (D)
  A hydra (D)
  76 orcs (D)
  8 skeletal warriors (D)
137 creatures vanquished.

Notes
Turn   | Place    | Note
-------+----------+-------------------------------------------
     0 | D        | Found the +∞ Axe of Woe
     0 | D        | Monkooky the Armataur Warper began the quest for the Orb.
     0 | D        | Reached XP level 1. HP: 18/18 MP: 3/3
     3 | D        | Became a worshipper of Makhleb the Destroyer
     6 | D        | Noticed a bag of meat
     6 | D        | Noticed a bag of meat
     6 | D        | Noticed a bag of meat
     6 | D        | Noticed a bag of meat
     7 | D        | Noticed a bag of meat
     8 | D        | Killed a bag of meat
     9 | D        | Reached XP level 2. HP: 5/25 MP: 4/4
     9 | D        | Reached XP level 3. HP: 7/31 MP: 5/5
     9 | D        | Reached XP level 4. HP: 8/38 MP: 6/6
     9 | D        | Reached XP level 5. HP: 9/43 MP: 7/7
     9 | D        | Reached XP level 6. HP: 11/51 MP: 8/8
     9 | D        | Reached XP level 7. HP: 12/56 MP: 9/9
     9 | D        | Reached XP level 8. HP: 14/64 MP: 10/10
     9 | D        | Reached XP level 9. HP: 16/71 MP: 11/11
     9 | D        | Reached XP level 10. HP: 17/78 MP: 12/12
     9 | D        | Killed a bag of meat
     9 | D        | Reached * piety under Makhleb
     9 | D        | Noticed a meat berserker
     9 | D        | Noticed a meat berserker
    10 | D        | Reached XP level 11. HP: 19/84 MP: 13/13
    10 | D        | Noticed a bag of meat
    10 | D        | Noticed a meat berserker
    10 | D        | Noticed a bag of meat
    11 | D        | Noticed a meat berserker
    11 | D        | Noticed a bag of meat
    11 | D        | Noticed a bag of meat
    11 | D        | Killed a bag of meat
    12 | D        | Reached XP level 12. HP: 39/90 MP: 14/14
    12 | D        | Killed a bag of meat
    13 | D        | Reached XP level 13. HP: 73/114 MP: 15/15
    14 | D        | Killed a meat berserker
    14 | D        | Reached ** piety under Makhleb
    14 | D        | Noticed a meat berserker
    14 | D        | Noticed a meat berserker
    14 | D        | Noticed a bag of meat
    14 | D        | Noticed a bag of meat
    14 | D        | Noticed a bag of meat
    14 | D        | Noticed a bag of meat
    15 | D        | Reached skill level 10 in Armour
    15 | D        | Noticed a bag of meat
    15 | D        | Noticed a large bag of meat
    15 | D        | Killed a bag of meat
    15 | D        | Killed a meat berserker
    15 | D        | Killed a meat berserker
    15 | D        | Reached *** piety under Makhleb
    16 | D        | Reached skill level 15 in Armour
    16 | D        | Reached XP level 14. HP: 154/154 MP: 16/16
    16 | D        | Reached XP level 15. HP: 160/160 MP: 17/17
    16 | D        | Killed a meat berserker
    19 | D        | Killed a meat berserker
    20 | D        | Killed a meat berserker
    20 | D        | Reached **** piety under Makhleb
    20 | D        | Noticed a large bag of meat
    21 | D        | Reached XP level 16. HP: 189/189 MP: 18/18
    22 | D        | Reached ***** piety under Makhleb
    23 | D        | Noticed a meat berserker
    23 | D        | Noticed a meat berserker
    24 | D        | Reached skill level 27 in Fighting
    25 | D        | Reached XP level 17. HP: 204/204 MP: 19/19
    25 | D        | Noticed a meat berserker
    26 | D        | Killed a large bag of meat
    26 | D        | Noticed a large bag of meat
    27 | D        | Killed a large bag of meat
    27 | D        | Killed a large bag of meat
    27 | D        | Killed a meat berserker
    27 | D        | Reached ****** piety under Makhleb
    27 | D        | Noticed a destroyer
    28 | D        | Reached skill level 27 in Armour
    28 | D        | Reached skill level 27 in Dodging
    28 | D        | Reached skill level 27 in Axes
    28 | D        | Reached XP level 18. HP: 119/214 MP: 19/30
    28 | D        | Noticed a large bag of meat
    28 | D        | Noticed a destroyer
    28 | D        | Noticed an eight-headed meat hydra
    29 | D        | Noticed a meat berserker
    29 | D        | Killed a meat berserker
    29 | D        | Killed a meat berserker
    30 | D        | Reached XP level 19. HP: 128/221 MP: 19/35
    31 | D        | Killed a destroyer
    31 | D        | Noticed a destroyer
    31 | D        | Noticed a meat berserker
    32 | D        | Reached skill level 5 in Throwing
    32 | D        | Reached skill level 27 in Translocations
    32 | D        | Noticed a large bag of meat
    33 | D        | Reached skill level 15 in Spellcasting
    33 | D        | Noticed a meat berserker
    34 | D        | Reached skill level 27 in Invocations
    34 | D        | Reached XP level 20. HP: 231/231 MP: 20/43
    34 | D        | Killed a meat berserker
    35 | D        | Killed a large bag of meat
    35 | D        | Noticed a meat berserker
    35 | D        | Noticed a large bag of meat
    36 | D        | Reached skill level 27 in Spellcasting
    36 | D        | Noticed a meat berserker
    37 | D        | Reached XP level 21. HP: 199/239 MP: 20/52
    38 | D        | Reached skill level 27 in Throwing
    38 | D        | Killed a large bag of meat
    39 | D        | Reached skill level 10 in Polearms
    41 | D        | Killed a destroyer
    42 | D        | Reached XP level 22. HP: 127/249 MP: 21/53
    43 | D        | Noticed a destroyer
    44 | D        | Noticed a destroyer
    44 | D        | Noticed a destroyer
    46 | D        | Reached skill level 27 in Stealth
    47 | D        | Killed a destroyer
    48 | D        | Reached XP level 23. HP: 113/256 MP: 23/54
    48 | D        | Killed a destroyer
    50 | D        | Killed a destroyer
    50 | D        | Killed a large bag of meat
    50 | D        | Noticed a tyrant
    51 | D        | Reached skill level 27 in Maces & Flails
    51 | D        | Reached skill level 27 in Polearms
    51 | D        | Reached skill level 27 in Unarmed Combat
    51 | D        | Killed a destroyer
    51 | D        | Noticed a tyrant
    51 | D        | Noticed a destroyer
    52 | D        | Noticed an accursed
    53 | D        | Reached XP level 24. HP: 159/266 MP: 24/54
    54 | D        | Reached skill level 27 in Staves
    54 | D        | Reached skill level 5 in Shields
    54 | D        | Noticed a destroyer
    55 | D        | Reached skill level 5 in Short Blades
    55 | D        | Reached skill level 5 in Long Blades
    55 | D        | Reached skill level 5 in Conjurations
    55 | D        | Reached skill level 5 in Summonings
    55 | D        | Reached skill level 5 in Necromancy
    55 | D        | Reached skill level 5 in Transmutations
    55 | D        | Reached skill level 5 in Ice Magic
    56 | D        | Reached skill level 5 in Ranged Weapons
    56 | D        | Killed a destroyer
    56 | D        | Killed a destroyer
    57 | D        | Reached skill level 10 in Shields
    57 | D        | Killed an accursed
    58 | D        | Reached skill level 10 in Short Blades
    58 | D        | Reached skill level 10 in Long Blades
    58 | D        | Reached skill level 10 in Conjurations
    58 | D        | Reached skill level 10 in Hexes
    58 | D        | Reached skill level 10 in Transmutations
    58 | D        | Reached skill level 10 in Fire Magic
    58 | D        | Reached skill level 10 in Ice Magic
    58 | D        | Reached skill level 10 in Air Magic
    58 | D        | Reached skill level 10 in Earth Magic
    58 | D        | Reached skill level 10 in Poison Magic
    58 | D        | Reached XP level 25. HP: 114/274 MP: 25/54
    58 | D        | Noticed a tyrant
    59 | D        | Reached skill level 10 in Summonings
    59 | D        | Reached skill level 10 in Necromancy
    60 | D        | Reached skill level 10 in Ranged Weapons
    60 | D        | Noticed a tyrant
    62 | D        | Reached skill level 15 in Shields
    62 | D        | Noticed The Captor
    62 | D        | Noticed a meat beast
    64 | D        | Noticed a tyrant
    64 | D        | Noticed a large bag of meat
    64 | D        | Noticed a destroyer
    66 | D        | Killed The Captor
    67 | D        | Reached skill level 15 in Summonings
    67 | D        | Reached skill level 15 in Necromancy
    67 | D        | Reached XP level 26. HP: 256/284 MP: 27/54
    67 | D        | Killed a tyrant
    67 | D        | Noticed a dread
    69 | D        | Killed a meat beast
    69 | D        | Noticed a meat beast
    70 | D        | Reached XP level 27. HP: 228/292 MP: 28/54
    70 | D        | Noticed a meat beast
    72 | D        | Noticed a dread
    72 | D        | Killed a destroyer
    73 | D        | Noticed a meat beast
    73 | D        | Killed a large bag of meat
    73 | D        | Killed a tyrant
    73 | D        | Killed a tyrant
    74 | D        | Killed a tyrant
    75 | D        | Killed a meat beast
    76 | D        | Killed a meat beast
    76 | D        | Killed a dread
    77 | D        | Noticed a meat beast
    78 | D        | Killed a meat beast
    79 | D        | Reached skill level 27 in Shields
    85 | D        | Noticed a meat beast
    86 | D        | Killed from afar by a wretched soul

Illustrated notes

Levels and vault maps discovered:
D:        meatsprint

Skill      XL: |  1  2  3  4  5  6  7  8  9 10 11 12 13 14 15 16 17 18 19 20 21 22 23 24 25 26 27 |
---------------+----------------------------------------------------------------------------------+-----
Axes           | 21 24 26 27 | 27.0
Fighting       | 7 18 24 27 | 27.0
Armour         | 6 15 20 22 27 | 27.0
Dodging        | 6 16 21 23 27 | 27.0
Throwing       | 2 4 7 26 27 | 27.0
Spellcasting   | 8 12 19 27 | 27.0
Translocations | 17 24 27 | 27.0
Invocations    | 13 19 27 | 27.0
Maces & Flails | 17 24 27 | 27.0
Polearms       | 16 22 27 | 27.0
Stealth        | 22 27 | 27.0
Unarmed Combat | 17 24 27 | 27.0
Staves         | 25 27 | 27.0
Short Blades   | 10 16 18 24 | 24.0
Long Blades    | 10 16 19 24 | 24.1
Ranged Weapons | 9 14 16 20 | 20.6
Shields        | 12 19 22 27 | 27.0
Conjurations   | 10 16 18 24 | 24.1
Hexes          | 10 16 19 24 | 24.1
Summonings     | 9 15 17 22 | 22.3
Necromancy     | 9 15 17 22 | 22.3
Transmutations | 10 16 18 24 | 24.0
Fire Magic     | 10 16 18 24 | 24.0
Ice Magic      | 10 16 18 24 | 24.0
Air Magic      | 10 16 18 23 | 23.9
Earth Magic    | 10 16 18 24 | 24.0
Poison Magic   | 10 16 18 24 | 24.0
Evocations     | 11 18 20 25 | 25.8

Action                     |  1- 3 |  4- 6 |  7- 9 | 10-12 | 13-15 | 16-18 | 19-21 | 22-24 | 25-27 || total
---------------------------+-------+-------+-------+-------+-------+-------+-------+-------+-------++-------
  Melee: Executioner's axe |     1 |       |       |     3 |     5 |     7 |    12 |    16 |    22 ||    66
    Use: Scroll            |       |       |       |       |       |       |       |       |     1 ||     1
         Potion            |       |       |       |       |       |       |       |       |     1 ||     1
 Armour: Leather armour    |       |       |       |       |       |       |       |       |     1 ||     1
  Dodge: Dodged            |       |       |       |       |       |     1 |       |       |     1 ||     2
